 Dungeon Crawl Stone Soup version 0.20-a0-336-g7b05759 (webtiles) character file.

2986 HarryHood the Basher (level 9, 0/60 HPs)
             Began as a Gargoyle Berserker on Dec 22, 2016.
             Was an Elder of Trog.
             Slain by hellotanjent's ghost (2 damage)
             ... on level 9 of the Dungeon.
             The game lasted 00:27:37 (6318 turns).

HarryHood the Basher (Gargoyle Berserker)           Turns: 6318, Time: 00:27:37

Health: 0/60       AC: 19    Str: 21    XL:     9   Next: 83%
Magic:  18/18      EV:  9    Int:  9    God:    Trog [****..]
Gold:   440        SH:  0    Dex: 15    Spells: 8/8 levels left

rFire  . . .     SeeInvis .     z - +8 mace of Experimentation {distort, rPois rC- Dex+4}
rCold  x . .     Gourm    .     w - +1 chain mail
rNeg   + + .     Faith    .     (no shield)
rPois  ∞         Spirit   .     (no helmet)
rElec  +         Reflect  .     A - +1 cloak
rCorr  .         Harm     .     (no gloves)
MR     .....                    (no boots)
Stlth  ..........               (no amulet)
                                f - ring of magical power
                                g - ring of positive energy

@: no status effects
A: negative energy resistance 1, electricity resistance, unbreathing,
petrification resistance, rot immunity, AC +5
a: Berserk, Trog's Hand, Brothers in Arms, Burn Spellbooks, Renounce Religion


You were on level 9 of the Dungeon.
You worshipped Trog.
Trog was greatly pleased with you.
You were hungry.

You visited 2 branches of the dungeon, and saw 11 of its levels.

You collected 440 gold pieces.

Inventory:

Hand Weapons
 e - a +5 flail of holy wrath
 x - the +2 mace "Roge Seu" {venom, MP+9}
   (You found it on level 4 of the Dungeon)

   It poisons the flesh of those it strikes.
   It affects your magic capacity (+9).
 z - the +8 mace of Experimentation (weapon) {distort, rPois rC- Dex+4}
   (You found it on level 4 of the Dungeon)

   It warps and distorts space around it.
   Unwielding it can cause banishment or high damage.
   It affects your dexterity (+4).
   It makes you vulnerable to cold.
   It protects you from poison.
Armour
 w - a +1 chain mail (worn)
 A - a +1 cloak (worn)
Jewellery
 f - a ring of magical power (right hand)
 g - a ring of positive energy (left hand)
Wands
 F - a wand of slowing (14/48)
Scrolls
 a - a scroll of immolation
 d - a scroll of identify
 h - 2 scrolls of fear
 i - a scroll of enchant weapon
 l - a scroll of remove curse
 q - 5 scrolls of fog
 y - a scroll of magic mapping
Potions
 b - a potion of agility {unknown}
 j - 5 potions of curing
 k - 2 potions of mutation
 m - a potion of degeneration {unknown}
 n - 3 potions of haste
 r - a potion of lignification {unknown}
 t - 5 potions of brilliance {unknown}
 C - a potion of flight {unknown}
 D - a potion of resistance {unknown}
 E - 3 potions of berserk rage
Comestibles
 c - 5 bread rations {@e1}
 o - 3 beef jerkies
 p - 7 chunks of flesh
 s - 3 fruits {@e2}
 u - 2 meat rations {@e3}
 v - a meat ration {@e3}
 B - 4 royal jellies {!*}


   Skills:
 - Level 9.0 Fighting
 - Level 9.1 Maces & Flails
 * Level 7.7 Armour
 - Level 1.5 Dodging


You had 8 spell levels left.
You didn't know any spells.

Dungeon Overview and Level Annotations

Branches:
Dungeon (10/15)            Temple (1/1) D:4             Orc (0/2) D:10
   Lair: D:8-11

Altars:
Ashenzari
Cheibriados
Dithmenos
Elyvilon
Fedhas
Gozag
Hepliaklqana
Kikubaaqudgha
Makhleb
Nemelex Xobeh
Okawaru
Qazlal
Ru
Sif Muna
Trog
Uskayaw
Vehumet
Xom
Yredelemnul
The Shining One

Shops:
D:8 :

Annotations:
D:8 Weaver's ghost, novice SpEn
D:9 hellotanjent's ghost, novice GrFi
Abyss:1 Maurice


Innate Abilities, Weirdness & Mutations

You are resistant to torment.
Your stone body is resilient. (AC +5)
You are immune to poison.
You resist negative energy. (rN+)
You are resistant to electric shocks. (rElec)
You can survive without breathing.
You are immune to petrification.
You are immune to rotting.


Message History

Hellotanjent's ghost is heavily damaged.
Hellotanjent's ghost closely misses you.
You hit hellotanjent's ghost but do no damage.
Space warps horribly around hellotanjent's ghost!
Hellotanjent's ghost is severely damaged.
Hellotanjent's ghost says, "You can hit me, but you can't hurt me."
Hellotanjent's ghost hits you but does no damage.
You barely miss hellotanjent's ghost.
Hellotanjent's ghost is severely damaged.
Hellotanjent's ghost closely misses you.
You hit hellotanjent's ghost.
Space bends around hellotanjent's ghost.
Hellotanjent's ghost is almost destroyed.
Hellotanjent's ghost closely misses you.
You barely miss hellotanjent's ghost.
Hellotanjent's ghost is almost destroyed.
Hellotanjent's ghost says, "You can hit me, but you can't hurt me."
Hellotanjent's ghost hits you!
* * * LOW HITPOINT WARNING * * *
You die...

.......(..<....#
...............#
...............#
.......(.!.....#
.....(.(.(.....#
.....(.........#
..........((...#####
.(...#######)......#
(....# ..#....@..#
##)..# ...'}...W..#
#...# ....#.......#
#...#.....#.......#
#...#.... #.<.....'.
#...##'##
#.......#.. ........
.........####
....... ...........
........
............


You could see hellotanjent's ghost.

Vanquished Creatures
  Eustachio (D:4)
  A hungry ghost (D:9)
  Edmund (D:4)
  2 water moccasins
  A black bear (D:4)
  An ogre (D:7)
  A necrophage (D:9)
  3 centaurs
  A crocodile (D:7)
  2 bullfrogs
  2 water moccasin zombies
  2 scorpions
  6 killer bees (D:7)
  2 howler monkeys
  A wight (D:5)
  A crimson imp (D:4)
  A bullfrog skeleton (D:4)
  7 hounds
  A jelly (D:7)
  Crazy Yiuf (D:4)
  4 worker ants
  A killer bee zombie (D:5)
  A hound skeleton (D:3)
  A gnoll (D:4)
  11 adders
  3 oozes
  An adder zombie (D:6)
  2 worms (D:2)
  3 dart slugs
  9 leopard geckos
  5 orcs
  2 ball pythons
  6 giant cockroaches
  8 goblins
  4 hobgoblins
  13 jackals
  5 quokkas
  4 bats
  12 frilled lizards
  4 kobolds
  A leopard gecko skeleton (D:4)
  A quokka skeleton (D:5)
  8 rats
147 creatures vanquished.

Vanquished Creatures (others)
  A phantom (D:6)
  A scorpion (D:5)
  A hound zombie (D:6)
  A jackal (D:5)
4 creatures vanquished.

Grand Total: 151 creatures vanquished

Notes
Turn   | Place    | Note
-------+----------+-------------------------------------------
     0 | D:1      | HarryHood the Gargoyle Berserker began the quest for the Orb.
     0 | D:1      | Reached XP level 1. HP: 14/14 MP: 1/1
   425 | D:1      | Reached XP level 2. HP: 16/20 MP: 2/2
   745 | D:1      | Reached XP level 3. HP: 24/24 MP: 3/3
  1178 | D:2      | Reached skill level 5 in Fighting
  1266 | D:2      | Reached XP level 4. HP: 20/31 MP: 4/4
  1630 | D:2      | Found a blossoming altar of Fedhas.
  2090 | D:3      | Reached ** piety under Trog
  2120 | D:3      | Reached XP level 5. HP: 33/36 MP: 5/5
  2195 | D:3      | Found a stormy altar of Qazlal.
  2279 | D:3      | Found a hazy altar of Hepliaklqana.
  2855 | D:4      | Found an ancient bone altar of Kikubaaqudgha.
  2896 | D:4      | Reached XP level 6. HP: 37/41 MP: 6/6
  2905 | D:4      | Noticed Eustachio
  2972 | D:4      | Killed Eustachio
  2972 | D:4      | Reached skill level 5 in Maces & Flails
  2996 | D:4      | Noticed Edmund
  3027 | D:4      | Killed Edmund
  3027 | D:4      | Reached XP level 7. HP: 22/46 MP: 7/7
  3198 | D:4      | Found a staircase to the Ecumenical Temple.
  3213 | Temple   | Entered the Ecumenical Temple
  3343 | D:4      | Found a white marble altar of Elyvilon.
  3450 | D:4      | Found a runed door.
  3466 | D:4      | Got a bloodstained mace
  3480 | D:4      | Got a smoking mace
  3490 | D:4      | Noticed Crazy Yiuf
  3496 | D:4      | Killed Crazy Yiuf
  3506 | D:4      | Identified the +2 mace "Roge Seu" {venom, MP+9} (You found it on level 4 of the Dungeon)
  3507 | D:4      | Identified the +8 mace of Experimentation {distort, rPois rC- Dex+4} (You found it on level 4 of the Dungeon)
  3784 | D:5      | Entered Level 5 of the Dungeon
  3797 | D:5      | Reached skill level 5 in Armour
  3901 | D:5      | Reached XP level 8. HP: 47/51 MP: 8/8
  4035 | D:5      | Reached *** piety under Trog
  4151 | D:5      | Found a bloodstained altar of Trog.
  4522 | D:6      | Found a deep blue altar of Sif Muna.
  4657 | D:6      | Found a hide-covered altar of Uskayaw.
  4693 | D:6      | Found a sacrificial altar of Ru.
  4955 | D:7      | Reached XP level 9. HP: 60/60 MP: 9/9
  5146 | D:7      | Found a radiant altar of Vehumet.
  5831 | D:8      | Noticed a two-headed ogre
  5833 | D:8      | Noticed Weaver's ghost (novice SpEn)
  6042 | D:8      | Found Lurem's Book Shoppe.
  6043 | D:8      | You fall through a shaft for 2 floors!
  6043 | D:10     | Entered Level 10 of the Dungeon
  6070 | D:10     | Found a staircase to the Orcish Mines.
  6084 | D:9      | Noticed Maurice
  6095 | D:9      | Reached **** piety under Trog
  6148 | D:9      | Noticed hellotanjent's ghost (novice GrFi)
  6181 | D:9      | Banished Maurice
  6318 | D:9      | HP: 2/60 [hellotanjent's ghost (12)]
  6318 | D:9      | Slain by hellotanjent's ghost

Vault maps used:
D:1:      roderic_octagonal_star
D:2:      minmay_door_path, lemuel_doored_altar, minivault_19
D:3:      old_standard_altar, marbit_many_paths, first_bread
D:4:      black_bear_nest_2, elyvilon_altar_3, kennysheep_little_box,
          cheibrodos_gnoll_hut, uniq_crazy_yiuf_cottage, uniq_edmund,
          uniq_eustachio
D:5:      lightli_temple_of_fire, hangedman_decor_peaks_small,
          kennysheep_generic_room_3
D:6:      eat_drink_and_be_merry_uskayaw, nicolae_ru_the_path_less_chosen,
          kennysheep_mini_moat
D:7:      vehumet_crystals
D:8:      lair_entry_dummy, serial_shops, shop, gup_ossuary_entry_pyramid,
          hangedman_little_slice_of_home
D:9:      kennysheep_blocky_hall, nicolae_overflow_crystal_walls, serial_shops,
          shop_fountains, uniq_maurice
D:10:     orc_0_dummy, nicolae_trove_entry_diagonal, grunt_ministairs_8,
          ldierk_geyser
Temple:   compressed_dpeg_circular_temple

Skill      XL: |  1  2  3  4  5  6  7  8  9 |
---------------+----------------------------+-----
Fighting       | 4 5 6 9 |  9.0
Maces & Flails | 4 6 9 |  9.1
Armour         | 5 6 7 |  7.7
Dodging        | |  1.5

Action                   |  1- 3 |  4- 6 |  7- 9 || total
-------------------------+-------+-------+-------++-------
Melee: Mace              |   112 |   230 |   205 ||   547
       Flail             |       |       |    11 ||    11
Invok: Berserk           |       |     1 |     1 ||     2
  Use: Scroll            |     7 |     3 |     9 ||    19
       Potion            |       |     1 |       ||     1
  Eat: Chunk             |     1 |     7 |    10 ||    18
       Fruit             |       |       |     1 ||     1
       Meat ration       |       |       |     1 ||     1
Armor: Animal skin       |     5 |       |       ||     5
       Ring mail         |    42 |   154 |     4 ||   200
       Chain mail        |       |       |   178 ||   178
Dodge: Dodged            |    68 |   174 |   124 ||   366
